 Dungeon Crawl Stone Soup version 0.31.0-7-gf635a9b802 (webtiles) character file.

Game seed: 9934684169871355702

1683 Esekla the Thaumaturge (level 8, -1/39 HPs)
             Began as a Spriggan Cinder Acolyte on Jan 24, 2024.
             Was a High Priest of Ignis.
             Killed from afar by Joseph (23 damage)
             ... with a bolt of light
             ... on level 7 of the Dungeon.
             The game lasted 00:41:26 (8789 turns).

Esekla the Thaumaturge (Spriggan Cinder Acolyte)    Turns: 8789, Time: 00:41:27

Health: -1/39      AC:  2    Str: 10    XL:     8   Next: 71%
Magic:  21/21      EV: 18    Int: 17    God:    Ignis [*****.]
Gold:   79         SH:  0    Dex: 11    Spells: 14/24 levels left

rFire   + . .        a - +2 rapier (protect)
rCold   . . .        (no shield)
rNeg    . . .        b - +0 robe
rPois   .            (helmet restricted)
rElec   .            (no cloak)
rCorr   .            (gloves unavailable)
SInv    +            (boots unavailable)
Will    +....        (no amulet)
Stlth   ++           (no ring)
HPRegen 0.26/turn    (no ring)
MPRegen 0.17/turn

%: no passive effects
@: very quick
A: very small, no large weapons, unfitting armour, see invisible, speed 3
a: Renounce Religion, Fiery Armour, Foxfire Swarm, Rising Flame


You were on level 7 of the Dungeon.
You worshipped Ignis.
Ignis was extremely pleased with you.
You visited 2 branches of the dungeon, and saw 8 of its levels.

You collected 392 gold pieces.
You spent 313 gold pieces at shops.

Inventory:

Hand Weapons
 a - a +2 rapier of protection (weapon)
 f - a -1 short sword of flaming
 r - a +0 spear
Missiles
 n - 7 poisoned darts (quivered)
 F - a curare-tipped dart
Armour
 b - a +0 robe (worn)
Magical Staves
 d - a staff of death
Jewellery
 l - a ring of fire
 z - a ring of fire
 E - a ring of willpower
Wands
 y - a wand of mindburst (24)
Scrolls
 e - a scroll of immolation
 h - a scroll of teleportation {unknown}
 o - 3 scrolls of enchant weapon
 s - a scroll of amnesia
 t - a scroll of revelation
 v - 3 scrolls of vulnerability
 w - a scroll of fear
 A - a scroll of blinking {unknown}
 D - a scroll of fog {unknown}
Potions
 c - 5 potions of lignification
 g - a potion of invisibility {unknown}
 i - 2 potions of degeneration {unknown}
 j - 2 potions of brilliance
 k - a potion of haste {unknown}
 m - 2 potions of mutation
 p - 4 potions of attraction
 q - 4 potions of curing
 u - 4 potions of magic
 x - a potion of ambrosia {unknown}
 B - 2 potions of cancellation {unknown}
 C - 2 potions of might {unknown}


   Skills:
 - Level 2.5 Fighting
 + Level 3.9 Short Blades
 + Level 0.4 Throwing
 * Level 4.6 Dodging
 + Level 1.2 Stealth
 * Level 8.8 Spellcasting
 * Level 3.1 Necromancy
 + Level 3.7 Fire Magic
 * Level 3.2 Ice Magic
 * Level 1.0 Air Magic
 * Level 1.6 Alchemy


You had 14 spell levels left.
You knew the following spells:

 Your Spells              Type           Power      Damage    Failure   Level
d - Vampiric Draining     Necr           18%        2d7       8%          3
o - Scorch                Fire           40%        2d6       3%          2
r - Frozen Ramparts       Ice            36%        1d6       8%          3
v - Mercury Vapours       Alch/Air       24%        N/A       9%          2

Your spell library contained the following spells:

 Spells                   Type           Power      Damage    Failure   Level
 Freeze                   Ice            72%        1d8       2%          1
 Slow                     Hex            28%        N/A       10%         1
 Hailstorm                Conj/Ice       13%        3d6       16%         3
 Summon Ice Beast         Ice/Summ       13%        N/A       16%         3
 Confusing Touch          Hex            7%         N/A       28%         3
 Sigil of Binding         Hex            7%         N/A       28%         3
 Summon Blazeheart Golem  Fire/Summ      13%        N/A       41%         4
 Anguish                  Hex/Necr       6%         N/A       45%         4
 Leda's Liquefaction      Alch/Erth      5%         N/A       56%         4
 Cause Fear               Hex            3%         N/A       67%         4
 Lee's Rapid Deconstruct  Erth           3%         3d5*      95%         5
 Sculpt Simulacrum        Ice/Alch       7%         N/A       99%         6
 Bombard                  Conj/Erth      3%         9d1       100%        6
 Enfeeble                 Hex            3%         N/A       100%        7
 Orb of Destruction       Conj           3%         9d5       100%        7
 Spellforged Servitor     Conj/Summ      3%         N/A       100%        7


Dungeon Overview and Level Annotations

Branches:
Dungeon (7/15)             Temple (1/1) D:6

Altars:
Ashenzari
Dithmenos
Elyvilon
Fedhas
Gozag
Hepliaklqana
Kikubaaqudgha
Makhleb
Nemelex Xobeh
Okawaru
Qazlal
Ru
Sif Muna
Trog
Uskayaw
Xom
Yredelemnul
Zin
The Shining One

Shops:
D:5 *:   D:7 !

Portals:
Abyss: D:6

Annotations:
D:6 2 transporters, pigah's ghost, novice OpSh
D:7 Joseph


Innate Abilities, Weirdness & Mutations

You are very small and have problems with some larger weapons.
You are too small for most types of armour.
You have supernaturally acute eyesight. (SInv)
You cover ground extremely quickly. (Speed+++)


Message History

There is an open door here.
o - 3 scrolls of enchant weapon (gained 1)
There is an open door here.
There is an open door here.
There is an open door here.
Items here: )))) [[[ †.
Found a stone staircase leading up.
Found 11 gold pieces.
Found a blue potion.
Found a cyan potion.
There is a stone staircase leading up here.
You now have 79 gold pieces (gained 11).
B - 2 blue potions (gained 1)
g - a cyan potion
Okay, then.
You open the door.
There is an open door here.
You open the door.
There is an open door here.
There is an open door here.
You open the door.
There is an open door here.
There is a white marble altar of Elyvilon here.
You open the door.
There is an open door here.
Joseph shouts!
Unknown command.
You close the door.
Okay, then.
You start waiting.
Joseph is nearby!
Joseph shouts, "Wow!"
Joseph shouts, "At last, some action!"
Joseph hits you with a +0 quarterstaff!
Casting: Scorch (safe; 3% risk of failure)
Confirm with . or Enter, or press ? or * to list all spells.
Okay, then.
You closely miss Joseph.
Joseph zaps a wand.
The bolt of light hits you!!
Ouch! That really hurt!
You die...

.#............≈.._.§§§........#..
.#............≈.....≈.........#..
.'............§.≈≈≈.≈.........#..
##...............§§...........##.
......###.#...≈≈§≈§≈≈.######'###.
......#.........§§§..)...........
......#...#......'...............
......#...#.....@#....(..........
......#...#.....@#)..............
###...#...#......#...............
#.'...#...#......#.....#########(
..##..'..........#.....##.....##.
⌠..#..#...#......+.....@.........
∩⌠.##.#...#......#...............
⌠...#.#####......#...............
..#+#............#...............
###.##...........#...............


You could see Joseph.

Vanquished Creatures
  An unseen horror (D:5)
  A sky beast (D:6)
  An orc warrior (D:7)
  An ogre (D:6)
  A centaur (D:4)
  A kobold brigand (D:7)
  2 bullfrogs (D:7)
  3 scorpions
  A killer bee (D:5)
  A howler monkey (D:6)
  2 bombardier beetles
  A hound (D:4)
  2 jellies
  2 orc priests
  A sleepcap (D:5)
  2 iguanas
  2 orc wizards
  3 gnolls (D:5)
  7 adders
  4 white imps
  2 ribbon worms
  3 dart slugs
  21 orcs
  6 endoplasms
  4 giant cockroaches
  9 goblins
  6 hobgoblins
  7 jackals
  13 kobolds
  A quokka (D:2)
  5 ball pythons
  7 bats
  4 frilled lizards
  6 rats
133 creatures vanquished.

Notes
Turn   | Place    | Note
-------+----------+-------------------------------------------
     0 | D:1      | Esekla the Spriggan Cinder Acolyte began the quest for the
                  | Orb.
     0 | D:1      | Reached XP level 1. HP: 11/11 MP: 3/3
   348 | D:2      | Reached XP level 2. HP: 16/16 MP: 5/5
   351 | D:2      | Learned a level 2 spell: Scorch
  1415 | D:2      | Reached skill level 2 in Spellcasting
  1730 | D:2      | Reached XP level 3. HP: 19/19 MP: 4/7
  1734 | D:2      | Learned a level 3 spell: Vampiric Draining
  1811 | D:1      | Reached skill level 1 in Dodging
  3084 | D:2      | Reached XP level 4. HP: 15/23 MP: 3/8
  3138 | D:3      | Reached skill level 3 in Spellcasting
  3138 | D:3      | Reached skill level 1 in Necromancy
  3138 | D:3      | Reached skill level 1 in Ice Magic
  3592 | D:3      | Reached XP level 5. HP: 27/27 MP: 6/11
  3623 | D:3      | Found a basalt altar of Yredelemnul.
  3833 | D:3      | Reached skill level 4 in Spellcasting
  4424 | D:4      | Learned a level 3 spell: Frozen Ramparts
  4488 | D:4      | Found a hazy altar of Hepliaklqana.
  4488 | D:4      | Found an iron altar of Okawaru.
  4865 | D:4      | Found a burning altar of Makhleb.
  4866 | D:4      | Found a sacrificial altar of Ru.
  4938 | D:4      | Reached XP level 6. HP: 25/32 MP: 2/14
  5048 | D:4      | Found a shimmering altar of Xom.
  5050 | D:4      | Found an opulent altar of Gozag.
  5053 | D:4      | Found a sparkling altar of Nemelex Xobeh.
  5060 | D:4      | Found a stormy altar of Qazlal.
  5061 | D:4      | Found a shadowy altar of Dithmenos.
  5080 | D:5      | Entered Level 5 of the Dungeon
  5334 | D:4      | Reached skill level 5 in Spellcasting
  5889 | D:5      | Found a bloodstained altar of Trog.
  5889 | D:5      | Noticed an unseen horror
  5896 | D:5      | Killed an unseen horror
  5897 | D:5      | Reached skill level 6 in Spellcasting
  5897 | D:5      | Reached XP level 7. HP: 19/35 MP: 3/17
  6298 | D:5      | Reached skill level 7 in Spellcasting
  6396 | D:5      | Found a burning altar of Makhleb.
  6409 | D:5      | Found Ufoacuz's Tiny Tomes.
  6414 | D:5      | Bought the Opusculum on Exhalation for 84 gold pieces
  6417 | D:5      | Learned a level 2 spell: Mercury Vapours
  6631 | D:5      | Found Tuunofok's Assorted Antiques.
  6652 | D:5      | Bought a scroll labelled XOOHOG FENWOEDINYI for 22 gold
                  | pieces
  6652 | D:5      | Bought a scroll labelled IMUMAL YCAI for 22 gold pieces
  6652 | D:5      | Bought a blue potion for 19 gold pieces
  6652 | D:5      | Bought 2 emerald potions for 39 gold pieces
  6652 | D:5      | Bought a grey potion for 19 gold pieces
  6724 | D:5      | Found a shimmering blue altar of Sif Muna.
  6810 | D:6      | Reached XP level 8. HP: 39/39 MP: 10/20
  7157 | D:6      | Reached skill level 1 in Stealth
  7314 | D:6      | Reached skill level 1 in Alchemy
  7317 | D:6      | Found a transporter.
  7354 | D:6      | Found a transporter.
  7376 | D:6      | Noticed pigah's ghost (novice OpSh)
  7379 | D:6      | Found a one-way gate to the infinite horrors of the Abyss.
  7396 | D:6      | Reached skill level 8 in Spellcasting
  7468 | D:6      | Found a staircase to the Ecumenical Temple.
  7479 | Temple   | Entered the Ecumenical Temple
  7893 | D:7      | Found a white marble altar of Elyvilon.
  7938 | D:7      | Found Fissyzud's Distillery.
  7943 | D:7      | Bought a potion of attraction for 36 gold pieces
  7943 | D:7      | Bought a potion of lignification for 36 gold pieces
  7943 | D:7      | Bought a potion of curing for 36 gold pieces
  8127 | D:7      | Noticed Joseph
  8514 | D:7      | Reached skill level 1 in Air Magic
  8789 | D:7      | Killed from afar by Joseph

Illustrated notes

Levels and vault maps discovered:
D:1:      elethiomel_arrival_shortcut, layout_basic
D:2:      layout_basic, serial_corexii_hall, corexii_hall_statues_l,
          chequers_hall_statues_wall_a, corexii_hall_statues_t
D:3:      layout_rooms, mainiacjoe_overflow_paths
D:4:      layout_basic, nicolae_overflow_hallway_of_the_gods,
          gammafunk_temple_overflow_pools
D:5:      wad_pebble_path, layout_rooms, lemuel_blue_sif_altar,
          hangedman_feature_mirror, nicolae_shop_i_like_small_books_too,
          nicolae_stop_n_shop_2
D:6:      layout_loops_ring, minmay_temple_entry_slanted,
          gammafunk_ghost_abyssal_escape, hex_medium
D:7:      layout_gridville, mainiacjoe_overflow_cross_hatched, serial_shops,
          nicolae_shop_rolling_square, uniq_joseph
Temple:   hellmonk_temple_two_chambers

Skill      XL: |  1  2  3  4  5  6  7  8 |
---------------+-------------------------+-----
Spellcasting   | 2 3 4 6 7 8 |  8.8
Dodging        | 1 2 3 4 |  4.6
Necromancy     | 1 2 3 |  3.1
Ice Magic      | 1 2 3 |  3.2
Fire Magic     | 3 |  3.7
Stealth        | 1 |  1.2
Alchemy        | 1 |  1.6
Air Magic      | 1 |  1.0
Fighting       | |  2.5
Short Blades   | |  3.9
Throwing       | |  0.4

Action                     |  1- 3 |  4- 6 |  7- 9 || total
---------------------------+-------+-------+-------++-------
  Melee: Short sword       |    70 |    40 |       ||   110
         Rapier            |       |       |    35 ||    35
  Throw: Dart              |       |     7 |     3 ||    10
   Cast: Scorch            |    43 |    74 |    52 ||   169
         Frozen Ramparts   |       |     3 |    13 ||    16
         Mercury Vapours   |       |       |     5 ||     5
    Use: Scroll            |       |       |     9 ||     9
         Potion            |       |       |     1 ||     1
   Stab: Sleeping          |     2 |       |       ||     2
 Armour: Robe              |    22 |    42 |    26 ||    90
  Dodge: Dodged            |    74 |    71 |    46 ||   191
